 Dungeon Crawl Stone Soup version 0.18.1-47-g9310371 (webtiles) character file.

3510 Firecrotchwizard the Basher (level 9, -1/82 HPs)
             Began as a Minotaur Berserker on June 18, 2016.
             Was a High Priest of Trog.
             Slain by Erica
             ... wielding a +2 scimitar of flaming
              (3 damage)
             ... on level 8 of the Dungeon.
             The game lasted 00:37:51 (6835 turns).

Firecrotchwizard the Basher (Minotaur Berserker)    Turns: 6835, Time: 00:37:52

Health: -1/82      AC: 13    Str: 23    XL:     9   Next: 81%
Magic:  8/8        EV:  5    Int:  4    God:    Trog [*****.]
Gold:   286        SH:  0    Dex: 12    Spells: 0 memorised, 8 levels left

rFire  . . .     SeeInvis .     t - +0 flail (crush)
rCold  . . .     Gourm    .     C - +0 chain mail
rNeg   . . .     Faith    .     M - +2 large shield
rPois  +         Spirit   .     (helmet restricted)
rElec  .         Dismiss  .     (no cloak)
rCorr  .         Reflect  .     (no gloves)
SustAt .         Harm     .     E - +2 pair of boots
MR     .....                    (no amulet)
Stlth  ..........               (no ring)
                                z - ring of poison resistance

@: confused, not resistant to hostile enchantments, extremely unstealthy
A: retaliatory headbutt, horns 2
a: Berserk, Trog's Hand, Brothers in Arms, Burn Spellbooks, Renounce Religion


You were on level 8 of the Dungeon.
You worshipped Trog.
Trog was extremely pleased with you.
You were hungry.

You visited 1 branch of the dungeon, and saw 8 of its levels.
You also visited: Sewer.

You collected 286 gold pieces.

Inventory:

Hand Weapons
 a - a +0 mace
 t - a +0 flail of crushing (weapon)
Armour
 b - a +0 animal skin
 f - a +0 leather armour
 i - a +0 scale mail
 C - a +0 chain mail (worn)
 E - a +2 pair of boots (worn)
 M - a +2 large shield (worn)
Jewellery
 z - a ring of poison resistance (left hand)
Wands
 m - a wand of iceblast (9/15)
 y - a wand of confusion (48/48)
 I - a wand of digging (11/24)
 J - a wand of paralysis (13/24)
 K - a wand of iceblast (5/15)
 L - a wand of confusion (16/48)
 N - a wand of lightning (6/15)
 O - a wand of paralysis (9/24)
Scrolls
 d - 2 scrolls of recharging
 h - a scroll of fear
 k - a scroll of enchant weapon {unknown}
 n - 3 scrolls of identify
 o - 4 scrolls of teleportation
 p - a scroll of random uselessness {unknown}
 s - 2 scrolls of immolation {unknown}
 v - 2 scrolls of blinking {unknown}
 w - a scroll of enchant armour {unknown}
 D - 4 scrolls of remove curse
 F - a scroll of amnesia
 G - a scroll of noise {unknown}
Potions
 e - 4 potions of curing
 g - 2 potions of brilliance {unknown}
 j - a potion of haste {unknown}
 l - a potion of mutation {unknown}
 u - a potion of cancellation {unknown}
 A - 4 potions of lignification {unknown}
 B - 2 potions of heal wounds {unknown}
Books
 q - a Young Poisoner's Handbook

   Spells                             Type                      Level
   a - Sting                          Conjuration/Poison           1
   b - Cure Poison                    Poison                       2
   c - Mephitic Cloud                 Conjuration/Poison/Air       3
   d - Olgreb's Toxic Radiance        Poison                       4
   e - Venom Bolt                     Conjuration/Poison           5
   Trog disapproves of the use of such an item.
 P - a book of Fire

   Spells                             Type                      Level
   a - Ignite Poison                  Fire/Transmutation/Poison    3
   b - Fireball                       Conjuration/Fire             5
   c - Bolt of Fire                   Conjuration/Fire             6
   d - Delayed Fireball               Conjuration/Fire             7
   e - Ring of Flames                 Charms/Fire                  7
   Trog disapproves of the use of such an item.
Comestibles
 c - 4 bread rations
 r - 3 meat rations
 x - 2 slices of pizza
 H - a beef jerky


   Skills:
 + Level 8.4 Fighting
 + Level 12.6 Maces & Flails
 + Level 6.2 Armour
 - Level 2.2 Dodging
 + Level 5.8 Shields


You had 8 spell levels left.
You didn't know any spells.

Dungeon Overview and Level Annotations

Branches:
Dungeon (8/15)             Temple (0/1) D:6
   Lair: D:8-11

Altars:
Kikubaaqudgha
Qazlal
Trog
Zin

Annotations:
D:8 Erica, Maurice


Innate Abilities, Weirdness & Mutations

You reflexively headbutt those who attack you in melee.
You have a pair of horns on your head.


Message History

* * * LOW HITPOINT WARNING * * *
The orb of energy explodes!
Items here: )) ††† a dagger of electrocution; a dagger; a kobold corpse x2; a big kobold corpse You hear some strange, mumbled words.
A bolt of poison appears from out of thin air!
The bolt of poison hits you! You resist.
* * * LOW HITPOINT WARNING * * *
You see here 2 stones.
Something hits you.
* * * LOW HITPOINT WARNING * * *
Something burns you.
* * * LOW HITPOINT WARNING * * *
You hear some strange, mumbled words.
You are more confused.
You're too confused to move!
You bump into the rock wall.
Something hits you.
* * * LOW HITPOINT WARNING * * *
Something burns you.
You die...

..###...)............#
###....[......|........#
.......###.####.......##
........................
..........).####........
##...##.....####........
............#.....###...
..................# #...
.......@.....†....# #...
#######............#
#..................#
#......(##..........
#.....)(##..........
#.....))##..........
#.......###.........
#.......# #.......#
#........ .......


There were no monsters in sight!

Vanquished Creatures
  The ghost of Pastrie the Skirmisher, a novice HOBe of Trog (D:7)
  A water moccasin (D:8)
  2 phantoms
  3 ogres
  2 centaurs
  3 big kobolds
  A giant frog (D:6)
  7 killer bees
  3 wights (D:6)
  A howler monkey (D:6)
  3 crimson imps
  A jelly (D:7)
  2 giant frog zombies
  8 orc priests
  4 hounds
  Crazy Yiuf (D:7)
  3 centaur skeletons
  6 orc wizards
  A giant frog skeleton (D:7)
  5 iguanas
  10 worker ants
  2 hound skeletons
  A howler monkey zombie (D:7)
  9 adders
  4 gnolls (D:4)
  A river rat (D:3)
  2 oozes
  An adder zombie (D:6)
  11 worms
  2 dart slugs
  7 giant geckos
  38 orcs
  6 ball pythons
  7 giant cockroaches
  11 goblins
  7 hobgoblins
  11 jackals
  4 quokkas
  8 bats
  A giant gecko skeleton (D:5)
  5 giant newts
  A jackal skeleton (D:5)
  15 kobolds
  3 quokka skeletons
  8 rats
  A fungus (D:7)
234 creatures vanquished.

Notes
Turn   | Place    | Note
--------------------------------------------------------------
     0 | D:1      | Firecrotchwizard the Minotaur Berserker began the quest for the Orb.
     0 | D:1      | Reached XP level 1. HP: 19/19 MP: 0/0
   201 | D:1      | Reached XP level 2. HP: 27/27 MP: 1/1
   350 | D:1      | Reached skill level 4 in Maces & Flails
   976 | D:2      | Reached ** piety under Trog
   987 | D:2      | Reached XP level 3. HP: 33/33 MP: 2/2
   990 | D:2      | Found a faded altar to an unknown god.
  1090 | D:2      | Reached skill level 5 in Maces & Flails
  1623 | D:2      | Reached XP level 4. HP: 35/40 MP: 3/3
  1784 | D:3      | Reached *** piety under Trog
  1870 | D:3      | Found a glowing drain.
  1874 | D:3      | Reached skill level 6 in Maces & Flails
  1976 | Sewer    | Entered a sewer
  2135 | Sewer    | Noticed a big kobold
  2144 | Sewer    | Killed a big kobold
  2144 | Sewer    | Reached skill level 7 in Maces & Flails
  2144 | Sewer    | Reached XP level 5. HP: 45/46 MP: 4/4
  2347 | Sewer    | Reached XP level 6. HP: 52/53 MP: 5/5
  2565 | D:3      | Found a bloodstained altar of Trog.
  2594 | D:3      | Reached **** piety under Trog
  2808 | D:3      | Reached skill level 5 in Fighting
  2816 | D:3      | Reached skill level 8 in Maces & Flails
  3044 | D:4      | Reached XP level 7. HP: 61/61 MP: 6/6
  3271 | D:4      | Reached skill level 9 in Maces & Flails
  3508 | D:4      | Reached ***** piety under Trog
  3601 | D:5      | Entered Level 5 of the Dungeon
  3613 | D:5      | Reached skill level 10 in Maces & Flails
  3865 | D:5      | Found a stormy altar of Qazlal.
  3969 | D:5      | Found a glowing silver altar of Zin.
  4084 | D:5      | Reached XP level 8. HP: 71/71 MP: 7/7
  4462 | D:6      | Found a staircase to the Ecumenical Temple.
  4749 | D:6      | Reached skill level 11 in Maces & Flails
  5368 | D:6      | Reached skill level 1 in Shields
  5509 | D:7      | Noticed Pastrie's ghost (novice HOBe)
  5534 | D:7      | Killed Pastrie's ghost
  5534 | D:7      | Reached skill level 5 in Armour
  5534 | D:7      | Reached XP level 9. HP: 34/80 MP: 8/8
  5941 | D:7      | Reached skill level 12 in Maces & Flails
  5983 | D:7      | Found an ancient bone altar of Kikubaaqudgha.
  6490 | D:7      | Noticed Crazy Yiuf
  6495 | D:7      | Killed Crazy Yiuf
  6537 | D:8      | Reached skill level 5 in Shields
  6692 | D:8      | Noticed Maurice
  6776 | D:8      | Noticed Erica
  6835 | D:8      | HP: 2/82 [something (6)]
  6835 | D:8      | Slain by Erica

Skill      XL: |  1  2  3  4  5  6  7  8  9 |
---------------+----------------------------+-----
Maces & Flails | 4 5 7 8 10 11 12 | 12.6
Fighting       | 4 5 6 7 8 |  8.4
Armour         | 5 6 |  6.2
Shields        | 2 5 |  5.8
Dodging        | |  2.2

Action                   |  1- 3 |  4- 6 |  7- 9 || total
-------------------------+-------+-------+-------++-------
Melee: Mace              |   104 |    24 |       ||   128
       Headbutt          |    16 |    33 |    78 ||   127
       Flail             |       |   134 |   496 ||   630
Invok: Trog's Hand       |       |       |     3 ||     3
       Berserk           |       |       |     1 ||     1
  Use: Scroll            |       |     3 |     4 ||     7
  Eat: Chunk             |     2 |     4 |    11 ||    17
       Beef jerky        |       |     1 |       ||     1
       Royal jelly       |       |       |     1 ||     1
Armor: Leather armour    |     4 |       |       ||     4
       Scale mail        |    33 |    39 |       ||    72
       Chain mail        |       |    14 |   208 ||   222
Dodge: Dodged            |    56 |    73 |    85 ||   214
Block: Large shield      |       |       |   219 ||   219
